 Dungeon Crawl Stone Soup version 0.20-a0-1020-g7b9e4fe (webtiles) character file.

237616 nubinia the Reanimator (level 19, -12/141 HPs)
             Began as a Gnoll Conjurer on Apr 14, 2017.
             Was the Champion of Ashenzari.
             Shot with a bolt by an orc knight (18 damage)
             ... on level 1 of the Vaults on Apr 18, 2017.
             The game lasted 08:59:27 (52153 turns).

nubinia the Reanimator (Gnoll Conjurer)            Turns: 52153, Time: 08:59:27

Health: -12/141    AC: 11    Str: 10    XL:     19   Next: 24%
Magic:  7/33       EV: 29    Int: 21    God:    Ashenzari [******]
Gold:   1036       SH:  7    Dex: 15    Spells: 1/38 levels left

rFire    + . .     SeeInvis +   b - +7 spear "Dymint" {freeze, rN+ MR+ Int-3} (curse)
rCold    + + .     Gourm    .   E - +0 buckler (curse)
rNeg     + . .     Faith    .   c - +1 robe of Sif Muna's Whim {rPois rC++ MR+ Int+4} (curse)
rPois    +         Spirit   .   L - +0 helmet
rElec    +         Reflect  .   X - +2 cloak {+Inv} (curse)
rCorr    .         Harm     .   i - +0 pair of gloves (curse)
MR       ++...     Clarity  +   l - +0 pair of boots
Stlth    +++++.....             M - amulet of the Air {Inacc +Fly rElec EV+5 RMsl} (curse)
Regen    0.4/turn               e - ring of protection from fire (curse)
MPRegen  0.3/turn               u - +4 ring of evasion (curse)

@: very slightly contaminated, studying Axes, invisible, repel missiles
A: short attention span, fangs 1, see invisible, clarity, evolution 2, strong
nose
}: 2/15 runes: serpentine, barnacled
a: Curse Item, Scrying, Transfer Knowledge, Renounce Religion, Evoke Flight


You were on level 1 of the Vaults.
You worshipped Ashenzari.
Ashenzari was exalted by your worship.
You were not hungry.

You visited 7 branches of the dungeon, and saw 31 of its levels.
You visited 1 bazaar.
You also visited: Bailey.

You collected 3356 gold pieces.
You spent 2320 gold pieces at shops.

Inventory:

Hand Weapons
 b - the cursed +7 spear "Dymint" (weapon) {freeze, rN+ MR+ Int-3}
   (You found it on level 2 of the Shoals)

   It has been specially enchanted to freeze those struck by it, causing extra
   injury to most foes and up to half again as much damage against particularly
   susceptible opponents.
   It can also slow down cold-blooded creatures.
   It affects your intelligence (-3).
   It protects you from negative energy.
   It affects your resistance to hostile enchantments.
   It has a curse placed upon it.
Missiles
 V - 390 arrows
Armour
 a - the scarf "Azalokoal" {rF+ MP+9}
   (You bought it in a shop in a bazaar)

   It protects you from fire.
   It affects your magic capacity (+9).
 c - the cursed +1 robe of Sif Muna's Whim (worn) {rPois rC++ MR+ Int+4}
   (You found it on level 1 of the Shoals)

   It affects your intelligence (+4).
   It greatly protects you from cold.
   It protects you from poison.
   It affects your resistance to hostile enchantments.
   It has a curse placed upon it.
 i - a cursed +0 pair of gloves (worn)
 l - a +0 pair of boots (worn)
 D - a +2 shield of fire resistance
 E - a cursed +0 buckler (worn)
 L - a +0 helmet (worn)
 X - a cursed +2 cloak of invisibility (worn)
Jewellery
 e - a cursed ring of protection from fire (left hand)
 u - a cursed +4 ring of evasion (right hand)
 M - the cursed amulet of the Air (around neck) {Inacc +Fly rElec EV+5 RMsl}
   (You found it on level 6 of the Dungeon)

   [amulet of inaccuracy]

   It reduces the accuracy of all your attacks.
   It affects your evasion (+5).
   It insulates you from electricity.
   It lets you fly.
   It protects you from missiles.
   It has a curse placed upon it.
 S - an uncursed ring of positive energy
 T - a +5 ring of strength
Wands
 j - a wand of flame (4/48)
 v - a wand of clouds (3/9)
 y - a wand of acid (1/15)
 H - a wand of digging (1/24)
 I - a wand of iceblast (4/15)
 Q - a wand of confusion (29/48)
 R - a wand of random effects (12/48)
 W - a wand of paralysis (16/24)
 Y - a wand of disintegration (9/24)
Scrolls
 d - 6 scrolls of fog
 f - 3 scrolls of identify
 g - 3 scrolls of remove curse
 h - 5 scrolls of enchant armour
 m - a scroll of summoning
 p - 5 scrolls of magic mapping
 B - 2 scrolls of teleportation
 C - 6 scrolls of amnesia
 F - a scroll of holy word
 G - 4 scrolls of recharging
 U - 5 scrolls of blinking
 Z - 2 scrolls of fear
Potions
 n - 5 potions of curing
 o - a potion of berserk rage
 r - 6 potions of agility
 s - 7 potions of haste
 w - 4 potions of flight
 x - 5 potions of heal wounds
 z - a potion of brilliance
 J - a potion of cancellation
 N - 2 potions of might
Books
 t - a manual of Axes
Miscellaneous
 k - a lamp of fire (inert)
 K - a phial of floods (inert)
Comestibles
 q - 61 fruits
 O - 11 chunks of flesh


   Skills:
 + Level 10.3 Fighting
   Level 8.7 Long Blades
   Level 8.1 Maces & Flails
 + Level 10.0(12.0) Polearms
 + Level 9.0 Armour
 + Level 10.3(11.5) Dodging
 + Level 10.1(11.4) Stealth
 + Level 10.4(11.7) Shields
 - Level 10.0 Spellcasting
 + Level 9.3(11.6) Conjurations
 - Level 8.7(11.3) Hexes
 + Level 10.0(12.0) Charms
 + Level 9.1(11.5) Summonings
 + Level 11.0(12.7) Necromancy
 - Level 8.5(11.3) Translocations
 - Level 9.4(11.7) Transmutations
 + Level 9.8(11.9) Air Magic
 - Level 10.1(12.1) Evocations


You had one spell level left.
You knew the following spells:

 Your Spells              Type           Power        Failure   Level  Hunger
a - Iskenderun's Mystic   Conj           ######..     1%          4    ##.....
b - Airstrike             Air            ######....   1%          4    ##.....
c - Dazzling Spray        Conj/Hex       ######       1%          3    None
d - Swiftness             Chrm/Air       ######..     1%          2    None
e - Call Canine Familiar  Summ           ######..     1%          3    None
f - Force Lance           Conj/Tloc      ######..     1%          4    ##.....
g - Shroud of Golubria    Chrm/Tloc      ######....   1%          2    None
h - Vampiric Draining     Necr           ######....   1%          3    None
i - Sticks to Snakes      Tmut           ######..     1%          2    None
k - Deflect Missiles      Chrm/Air       ######....   10%         6    ######.
r - Regeneration          Chrm/Necr      ######....   1%          3    None
S - Animate Skeleton      Necr           N/A          1%          1    None


Dungeon Overview and Level Annotations

Branches:
Dungeon (13/15)            Temple (1/1) D:4            Lair (6/6) D:8
 Shoals (4/4) Lair:2        Snake (4/4) Lair:3        Slime (0/5) Lair:5
    Orc (2/2) D:11            Elf (0/3) Orc:2        Vaults (1/5) D:13

Altars:
Ashenzari
Cheibriados
Dithmenos
Elyvilon
Fedhas
Gozag
Hepliaklqana
Kikubaaqudgha
Makhleb
Nemelex Xobeh
Okawaru
Qazlal
Ru
Sif Muna
Trog
Uskayaw
Vehumet
Wu Jian
Xom
Yredelemnul
Zin
The Shining One
Beogh

Shops:
D:4 [   D:8 [   Orc:2 !?:([   Shoals:2 (   Shoals:3 =![*   Snake:1 }:[*
Snake:3 *

Portals:
Pandemonium: Orc:2

Annotations:
D:6 Edmund
Lair:1 Nergalle
Lair:4 Josephine
Lair:5 exclusion: 2 oklob plants
Snake:4 Mara
Orc:2 DEFE's ghost, journeyman BuFi


Innate Abilities, Weirdness & Mutations

You have a short attention span.
You have very sharp teeth.
You have supernaturally acute eyesight. (SInv)
Your uncanny sense of smell can sniff out nearby items.
You possess an exceptional clarity of mind.
You rapidly evolve.


Message History

The yaktaur shoots a bolt.
The bolt hits you!
* * * LOW HITPOINT WARNING * * *
A yaktaur comes into view.
The orc knight shouts!
An ironheart preserver comes into view. It is wielding a great mace.
There is an open door here.
The yaktaur shoots a bolt.
The bolt misses you.
The orc knight unwields an uncursed great sword of holy wrath.
It stops glowing.
The orc knight wields an arbalest.
The orc knight shoots a bolt.
The bolt completely misses you.
The ironheart preserver shouts!
The yaktaur shouts!
You hear a shout! x4
You see here 2 bolts.
You fade into invisibility!
The orc knight shoots a bolt.
The bolt closely misses you.
A yaktaur comes into view.
The orc knight shoots a bolt.
Some of the chunks of flesh in your inventory have rotted away.
An ogre comes into view. It is wielding a giant spiked club.
The yaktaur shoots a bolt.
The orc knight shoots a bolt.
The bolt hits you!!
You die...

##.########## #....{{.c.#
#...'.......# #######'######
...##.......# #.........#
..###.......# #.........#
.## #....)..# #.........# ##
#....∩..# #..)......# #
#.......# ########.)(....$.#
######+##*#..(...#..(......#
,, ,,#.@...(#..(......# ,, ,
#...o..'.........# ,,,,
#..p...#.........# *,,,
.'..c.c.#.........# * ,
,..#......#.........# ** ,
...#...c..########### ,, *
## #####O##** , * *, ,


cO., * * ,,,, , ,*.. { You could see an ironheart preserver (wandering), an orc
knight, 3 yaktaurs and 2 ogres.

Vanquished Creatures
  Bai Suzhen (Snake:3)
  Rupert (Lair:4)
  A titan (Shoals:2)
  3 nagarajas
  The ghost of DEFE the Blocker, a journeyman GnFi of Ashenzari (Orc:2)
  A vault warden (Vaults:1)
  2 stone giants
  A dire elephant (Lair:6)
  2 merfolk javelineers (Shoals:4)
  Snorg (D:13)
  An ettin (Orc:1)
  5 merfolk impalers
  11 hydras
  2 merfolk avatars (Shoals:3)
  The ghost of George the Carver, a journeyman DsFi of Makhleb (D:11)
  11 naga warriors
  3 satyrs
  An alligator snapping turtle (Shoals:3)
  2 catoblepae
  9 two-headed ogres
  2 dancing weapons (D:13)
  12 anacondas
  An ogre mage (Orc:1)
  8 death yaks
  4 merfolk aquamancers
  3 orc high priests (Orc:2)
  4 shock serpents
  A sun demon (Orc:2)
  9 naga sharpshooters
  8 sea snakes
  2 salamander mystics
  8 naga ritualists
  2 wizards (Vaults:1)
  An infernal demonspawn (Orc:2)
  2 unseen horrors
  Pikel (D:7)
  A deep elf mage (D:13)
  8 orc knights
  10 orc sorcerers
  10 harpies
  An orb spider (shapeshifter) (D:13)
  7 mana vipers
  A lindwurm (Lair:6)
  15 fauns
  An ugly thing (D:13)
  4 cyclopes
  13 manticores
  8 salamanders
  7 elephants
  An elephant (shapeshifter) (D:12)
  2 guardian serpents
  11 naga magi
  7 water nymphs
  5 merfolk sirens
  44 black mambas
  A vault sentinel (Vaults:1)
  13 spiny frogs
  11 komodo dragons
  2 rime drakes (Lair:3)
  3 yaktaurs (Vaults:1)
  An efreet (D:13)
  3 trolls
  The ghost of McCoppin the Conjurer, an amateur BuCj (D:4)
  19 merfolk
  A hornet (D:13)
  3 wind drakes
  Prince Ribbit (D:6)
  13 blink frogs
  4 dream sheep
  15 hippogriffs
  4 snapping turtles
  37 yaks
  A ynoxinul (Orc:2)
  6 wraiths
  2 vampires
  Eustachio (D:5)
  2 wyverns
  7 water elementals
  A chaos spawn (Orc:1)
  A basilisk (Snake:1)
  5 vampire mosquitoes (D:13)
  3 hungry ghosts
  4 wargs
  42 nagas
  2 acid dragons
  4 soldier ants
  10 porcupines
  24 water moccasins
  30 orc warriors
  Purgy (D:3)
  4 ice beasts
  2 slaves (D:7)
  2 sky beasts
  A black bear (D:11)
  5 wolves
  3 phantoms
  2 necrophages
  8 ogres
  13 centaurs
  8 crocodiles
  21 bullfrogs
  2 big kobolds (D:11)
  A gnoll sergeant (D:5)
  5 scorpions
  13 killer bees
  2 troll zombies (D:11)
  5 wights (D:11)
  3 electric eels (D:11)
  7 crimson imps
  2 centaur zombies
  4 howler monkeys
  17 orc priests
  3 bullfrog zombies
  4 centaur skeletons
  11 hounds
  3 jellies
  Crazy Yiuf (D:4)
  3 bullfrog skeletons
  2 gnoll shamans (D:5)
  22 orc wizards
  7 iguanas
  6 worker ants
  6 ogre zombies (D:11)
  A hound zombie (D:5)
  A hound skeleton (D:4)
  39 gnolls
  24 adders
  An adder skeleton (D:9)
  An adder zombie (D:7)
  2 worms
  A dart slug (D:2)
  3 leopard geckos
  83 orcs
  2 ball pythons (Lair:3)
  8 bats
  3 giant cockroaches
  11 goblins
  11 hobgoblins
  22 jackals
  A quokka (D:6)
  5 frilled lizards
  5 goblin skeletons (D:11)
  2 hobgoblin skeletons (D:11)
  4 hobgoblin zombies (D:11)
  9 kobolds
  2 leopard gecko skeletons
  5 orc skeletons (D:11)
  9 orc zombies (D:11)
  4 rats
  A bush (Lair:6)
  3 plants
1023 creatures vanquished.

Vanquished Creatures (collateral kills)
  Jorgrun (Shoals:3)
  7 nagarajas
  Ilsuiw (Shoals:4)
  A merfolk javelineer (Shoals:3)
  3 merfolk impalers
  A merfolk avatar (Shoals:3)
  11 naga warriors
  2 alligator snapping turtles (Shoals:3)
  A centaur warrior (Vaults:1)
  3 anacondas
  9 death yaks
  5 naga sharpshooters
  2 shock serpents (Snake:4)
  An orc high priest (Orc:2)
  A sun demon (Orc:2)
  3 sea snakes
  A torturous demonspawn (Orc:2)
  An infernal demonspawn (Orc:2)
  A necromancer (Vaults:1)
  2 naga ritualists (Snake:1)
  2 harpies (Shoals:4)
  An orc knight (Orc:2)
  5 mana vipers
  2 orc sorcerers
  5 manticores
  A salamander (Snake:2)
  11 fauns
  An elephant (Lair:6)
  12 black mambas
  A vault sentinel (Vaults:1)
  3 water nymphs
  3 merfolk sirens
  2 guardian serpents (Snake:3)
  3 spiny frogs
  5 naga magi
  A komodo dragon (Lair:1)
  A rime drake (Lair:4)
  A yaktaur (Vaults:1)
  4 merfolk
  3 wind drakes
  4 blink frogs
  A dream sheep (Lair:6)
  3 hippogriffs
  4 snapping turtles
  7 yaks
  8 water elementals
  A chaos spawn (Orc:2)
  A vampire mosquito (D:13)
  A warg (D:13)
  20 nagas
  5 water moccasins
  8 orc warriors
  An ogre (Orc:2)
  5 wolves
  An eye of draining (D:13)
  4 crocodiles
  A bullfrog (Lair:3)
  A killer bee (D:7)
  5 orc priests
  2 adders (Lair:3)
  9 orcs
  2 plants
218 creatures vanquished.

Vanquished Creatures (others)
  A centaur warrior (D:9)
  An orc high priest (Orc:2)
  A faun (Shoals:2)
  A black mamba (Snake:4)
  An orc priest (Vaults:1)
  A bush (Lair:3)
  21 fungi
  65 plants
92 creatures vanquished.

Grand Total: 1333 creatures vanquished

Notes
Turn   | Place    | Note
-------+----------+-------------------------------------------
     0 | D:1      | nubinia the Bultungin Conjurer began the quest for the Orb.
     0 | D:1      | Reached XP level 1. HP: 13/13 MP: 4/4
   252 | D:1      | Reached XP level 2. HP: 19/19 MP: 4/6
  1078 | D:2      | Reached XP level 3. HP: 24/24 MP: 3/7
  1083 | D:2      | Learned a level 3 spell: Dazzling Spray
  1282 | D:2      | Found an iron altar of Okawaru.
  1722 | D:2      | Found a glowing golden altar of the Shining One.
  1819 | D:2      | Reached XP level 4. HP: 25/30 MP: 2/9
  1828 | D:2      | Learned a level 4 spell: Force Lance
  1877 | D:3      | Noticed a bullfrog
  1884 | D:2      | Reached skill level 1 in Translocations
  2000 | D:3      | Killed a bullfrog
  2000 | D:3      | Reached XP level 5. HP: 35/35 MP: 5/10
  2080 | D:3      | Reached skill level 5 in Translocations
  2157 | D:3      | Noticed Purgy
  2181 | D:3      | Killed Purgy
  2181 | D:3      | Reached XP level 6. HP: 38/41 MP: 0/11
  2596 | D:3      | Found a radiant altar of Vehumet.
  2672 | D:4      | Found Walo's Antique Armour Emporium.
  2838 | D:4      | Found a staircase to the Ecumenical Temple.
  2855 | Temple   | Entered the Ecumenical Temple
  2890 | Temple   | Became a worshipper of Ashenzari the Shackled
  3684 | D:4      | Reached XP level 7. HP: 46/46 MP: 1/12
  3690 | D:4      | Noticed McCoppin's ghost (amateur BuCj)
  3714 | D:4      | Found a runed door.
  3993 | D:4      | Reached skill level 1 in Hexes
  4144 | D:5      | Entered Level 5 of the Dungeon
  4205 | D:5      | Reached skill level 5 in Spellcasting
  4316 | D:5      | Reached * piety under Ashenzari
  4377 | D:5      | Reached skill level 1 in Shields
  4533 | D:6      | Noticed Prince Ribbit
  4557 | D:6      | Reached XP level 8. HP: 44/53 MP: 4/15
  4659 | D:6      | Found a burning altar of Makhleb.
  4695 | D:6      | Reached skill level 5 in Shields
  5184 | D:4      | Noticed Crazy Yiuf
  5187 | D:4      | Killed Crazy Yiuf
  5529 | D:5      | Reached skill level 1 in Fighting
  5915 | D:5      | Found a blossoming altar of Fedhas.
  6609 | D:5      | Reached XP level 9. HP: 23/62 MP: 7/19
  6932 | D:5      | Learned a level 4 spell: Iskenderun's Mystic Blast
  7259 | D:6      | Noticed Eustachio
  7387 | D:6      | Killed Prince Ribbit
  7789 | D:7      | Found a shadowy altar of Dithmenos.
  7789 | D:7      | Reached ** piety under Ashenzari
  7900 | D:7      | Reached skill level 1 in Evocations
  7927 | D:7      | Reached skill level 5 in Stealth
  8811 | D:6      | Reached skill level 5 in Dodging
  8961 | D:5      | Killed Eustachio
  9108 | D:6      | Reached XP level 10. HP: 56/72 MP: 20/22
  9374 | D:6      | Noticed Edmund
  9660 | D:7      | Noticed Pikel
  9681 | D:7      | Killed Pikel
  9960 | D:8      | Found Eraj's Antique Armour Shoppe.
 10006 | D:8      | Gained mutation: Your spells are a little easier to cast, but a little less powerful. [potion of mutation]
 10006 | D:8      | Gained mutation: Your muscles are strong. (Str +2) [potion of mutation]
 10007 | D:8      | Lost mutation: Your spells are a little easier to cast, but a little less powerful. [potion of mutation]
 10007 | D:8      | Lost mutation: Your muscles are strong. (Str +2) [potion of mutation]
 10007 | D:8      | Gained mutation: You are frail. (-10% HP) [potion of mutation]
 10007 | D:8      | Gained mutation: You are resistant to electric shocks. (rElec) [potion of mutation]
 10028 | D:8      | Found a staircase to the Lair.
 10086 | D:8      | Noticed a two-headed ogre
 10093 | D:8      | Killed a two-headed ogre
 10546 | D:8      | Reached *** piety under Ashenzari
 10816 | D:8      | Noticed a two-headed ogre
 10920 | D:8      | Killed a two-headed ogre
 11231 | Lair:1   | Entered Level 1 of the Lair of Beasts
 11234 | Lair:1   | Learned a level 1 spell: Summon Butterflies
 11260 | Lair:1   | Reached skill level 1 in Summonings
 11260 | Lair:1   | Reached XP level 11. HP: 49/77 MP: 13/24
 11354 | Lair:1   | Lost mutation: You are frail. (-10% HP) [potion of mutation]
 11354 | Lair:1   | Lost mutation: You are resistant to electric shocks. (rElec) [potion of mutation]
 11354 | Lair:1   | Gained mutation: You are robust. (+10% HP) [potion of mutation]
 11354 | Lair:1   | Gained mutation: You are partially covered in yellow scales. (AC +2) [potion of mutation]
 11354 | Lair:1   | Gained mutation: You have a pair of small antennae on your head. [potion of mutation]
 11354 | Lair:1   | Gained mutation: Your flesh is cold resistant. (rC+) [potion of mutation]
 11416 | Lair:1   | Noticed a four-headed hydra
 11458 | Lair:1   | Killed a four-headed hydra
 11691 | Lair:1   | Learned a level 3 spell: Call Canine Familiar
 11791 | Lair:1   | Learned a level 2 spell: Shroud of Golubria
 11821 | Lair:1   | Noticed Nergalle
 11891 | Lair:1   | Reached skill level 1 in Maces & Flails
 11891 | Lair:1   | Reached skill level 1 in Charms
 12293 | Lair:2   | Reached **** piety under Ashenzari
 12336 | Lair:2   | Found a staircase to the Shoals.
 12373 | Lair:2   | HP: 1/94 [yak (16)]
 12671 | Lair:2   | Reached skill level 5 in Hexes
 12868 | Lair:2   | Learned a level 4 spell: Passage of Golubria
 13283 | Lair:2   | Reached skill level 5 in Evocations
 13791 | Lair:2   | Reached skill level 5 in Charms
 13798 | Lair:2   | Reached skill level 5 in Maces & Flails
 13920 | Lair:3   | Noticed a five-headed hydra
 14522 | Lair:3   | Killed a five-headed hydra
 14522 | Lair:3   | Reached XP level 12. HP: 101/101 MP: 3/25
 14823 | Lair:4   | Reached ***** piety under Ashenzari
 14852 | Lair:4   | Noticed Josephine
 14858 | Lair:4   | Noticed Rupert
 15796 | Lair:3   | Noticed a six-headed hydra
 15855 | Lair:3   | Killed a six-headed hydra
 16023 | Lair:3   | Found a staircase to the Snake Pit.
 16031 | Lair:3   | Noticed a six-headed hydra
 16039 | Lair:3   | Killed a six-headed hydra
 16086 | Lair:3   | Learned a level 2 spell: Sticks to Snakes
 16509 | D:4      | Bought an embroidered cloak for 150 gold pieces
 16555 | D:4      | Killed McCoppin's ghost
 16555 | D:4      | Reached skill level 1 in Transmutations
 16679 | D:9      | Reached skill level 1 in Long Blades
 16699 | D:9      | Identified the cursed +3 rapier "Sijaff" {pain, +Fly rN+ SInv}
 16851 | D:9      | Found a flagged portal.
 16865 | Bailey   | Entered a bailey
 16912 | Bailey   | Reached skill level 5 in Long Blades
 16931 | Bailey   | Identified the +6 broad axe of a bailey {chop, rF- rC+ Dex+8}
 17173 | D:9      | Noticed a centaur warrior
 17289 | D:9      | Killed a centaur warrior
 17289 | D:9      | Reached XP level 13. HP: 89/107 MP: 8/26
 17571 | D:9      | Found a hazy altar of Hepliaklqana.
 17756 | D:9      | Found a bloodstained altar of Trog.
 17958 | D:10     | Entered Level 10 of the Dungeon
 17975 | D:10     | Reached skill level 5 in Transmutations
 18843 | D:11     | Learned a level 3 spell: Lesser Beckoning
 18862 | D:11     | Found a staircase to the Orcish Mines.
 19154 | D:11     | Noticed George's ghost (journeyman DsFi)
 19180 | D:11     | HP: 4/107 [George's ghost (22)]
 19194 | D:11     | Killed George's ghost
 20470 | Orc:1    | Entered Level 1 of the Orcish Mines
 21281 | Orc:2    | Entered Level 2 of the Orcish Mines
 21282 | Orc:2    | Found a roughly hewn altar of Beogh.
 21287 | Orc:1    | Noticed an ettin
 21308 | Orc:1    | Killed an ettin
 21309 | Orc:1    | Paralysed by an orc sorcerer for 5 turns
 21317 | Orc:1    | Paralysed by an orc sorcerer for 4 turns
 21764 | Orc:2    | Noticed DEFE's ghost (journeyman BuFi)
 22405 | Orc:1    | Reached XP level 14. HP: 118/118 MP: 14/27
 22604 | Orc:2    | Found a staircase to the Elven Halls.
 22614 | Orc:2    | Noticed a stone giant
 24857 | Lair:4   | Reached ****** piety under Ashenzari
 24874 | Lair:4   | Found a bloodstained altar of Trog.
 25165 | Lair:4   | Killed Rupert
 25165 | Lair:4   | Reached skill level 10 in Evocations
 26843 | Lair:5   | Found a staircase to the Slime Pits.
 27338 | Lair:6   | Entered Level 6 of the Lair of Beasts
 27669 | D:4      | Bought a runed ring mail for 140 gold pieces
 27921 | Lair:5   | Reached skill level 1 in Armour
 28525 | Lair:6   | Reached skill level 5 in Armour
 28910 | Lair:6   | Reached XP level 15. HP: 119/126 MP: 28/28
 30522 | Snake:1  | Entered Level 1 of the Snake Pit
 31515 | Snake:1  | Found Ocuabawn's Assorted Antiques.
 31516 | Snake:1  | Found Hame's Antique Armour Boutique.
 31516 | Snake:1  | Found Umit's Book Shop.
 31538 | Snake:1  | Found Laommestig's Gadget Shop.
 31541 | Snake:1  | Bought a scroll labeled OCU JUNI YMY for 29 gold pieces
 31941 | Snake:1  | Reached skill level 10 in Fighting
 32939 | Snake:1  | Found a runed door.
 33196 | Snake:1  | Reached XP level 16. HP: 100/134 MP: 3/29
 33402 | Snake:1  | Bought Dauth's Guide on Enhancements for 812 gold pieces
 33409 | Snake:1  | Learned a level 6 spell: Deflect Missiles
 33453 | Snake:1  | Reached skill level 1 in Air Magic
 33822 | Snake:1  | Reached skill level 5 in Air Magic
 34380 | Snake:2  | Found a flickering gateway to a bazaar.
 34477 | Bazaar   | Entered a bazaar
 34480 | Bazaar   | Found Hialeo's Food Shop.
 34499 | Bazaar   | Found Ukeiridu's Antique Armour Shop.
 34547 | Bazaar   | Found Tedumad's Armour Shop.
 34547 | Bazaar   | Found Iddang Bays's Book Boutique.
 34588 | Bazaar   | Bought a shimmering scarf for 260 gold pieces
 34588 | Bazaar   | Identified the scarf "Azalokoal" {rF+ MP+9} (You bought it in a shop in a bazaar)
 34600 | Bazaar   | Bought a book of Necromancy for 330 gold pieces
 34602 | Bazaar   | Learned a level 1 spell: Animate Skeleton
 34906 | Snake:2  | Noticed a nagaraja
 34914 | Snake:2  | Killed a nagaraja
 34937 | Snake:2  | Reached skill level 10 in Spellcasting
 34974 | Snake:2  | Reached skill level 1 in Necromancy
 34986 | Snake:2  | Reached skill level 2 in Necromancy
 35109 | Snake:2  | Reached skill level 3 in Necromancy
 35139 | Snake:2  | Learned a level 3 spell: Regeneration
 35198 | Snake:2  | Reached skill level 4 in Necromancy
 35282 | Snake:2  | Noticed a nagaraja
 35305 | Snake:2  | Killed a nagaraja
 35412 | Snake:2  | Upgraded the game from 0.20-a0-1008-g0de3dc5 to 0.20-a0-1015-g2ec8a95
 35539 | Snake:3  | Reached skill level 5 in Necromancy
 35707 | Snake:3  | Found Redoist's General Store.
 35715 | Snake:3  | Reached skill level 6 in Necromancy
 35779 | Snake:3  | Noticed a nagaraja
 35796 | Snake:3  | Killed a nagaraja
 35834 | Snake:3  | Reached skill level 7 in Necromancy
 36081 | Snake:3  | Noticed Bai Suzhen
 36277 | Snake:3  | Killed Bai Suzhen
 36277 | Snake:3  | Reached skill level 8 in Necromancy
 36483 | Snake:3  | Learned a level 3 spell: Vampiric Draining
 36489 | Snake:3  | Learned a level 4 spell: Control Undead
 36893 | Orc:2    | Found Robamuiq's Distillery.
 36906 | Orc:2    | Found Keafewuh's Magic Scroll Boutique.
 37293 | Orc:2    | Found Keblaid's Armour Emporium.
 37443 | Orc:2    | Found a burning altar of Makhleb.
 37496 | Orc:2    | Killed DEFE's ghost
 37757 | Orc:2    | Reached skill level 9 in Necromancy
 38373 | Orc:2    | Found a roughly hewn altar of Beogh.
 38531 | Orc:2    | Reached XP level 17. HP: 112/140 MP: 16/31
 38648 | Orc:2    | Found Dipree's Book Shoppe.
 38648 | Orc:2    | Found Uxeuma's Antique Weapon Emporium.
 38649 | Orc:2    | Found a one-way gate leading to the halls of Pandemonium.
 38973 | Shoals:1 | Entered Level 1 of the Shoals
 39049 | Shoals:1 | Reached skill level 10 in Long Blades
 39052 | Shoals:1 | Identified the cursed +1 war axe "Death Rattle" {antimagic, rPois Str-2 Dex+3}
 39196 | Shoals:1 | Identified the +1 robe of Sif Muna's Whim {rPois rC++ MR+ Int+4}
 40112 | Shoals:2 | Learned a level 4 spell: Airstrike
 40367 | Shoals:2 | Noticed a titan
 40369 | Shoals:2 | Identified the +7 spear "Dymint" {freeze, rN+ MR+ Int-3}
 40411 | Shoals:2 | Killed a titan
 40411 | Shoals:2 | Reached skill level 10 in Shields
 40683 | Shoals:2 | Reached skill level 1 in Polearms
 40842 | Shoals:2 | Reached skill level 5 in Polearms
 40878 | Shoals:2 | Reached skill level 10 in Necromancy
 41152 | Shoals:2 | Found Oruomoik's Antique Weapon Shop.
 41161 | Shoals:2 | Bought a scorched hand axe for 288 gold pieces
 41161 | Shoals:2 | Identified the +6 hand axe "Wamneckoesey" {protect, rElec rPois Str+2} (You bought it in a shop on level 2 of the Shoals)
 41525 | Shoals:3 | Found Tuyk's Armour Boutique.
 41559 | Shoals:3 | Lost mutation: You are robust. (+10% HP) [potion of mutation]
 41559 | Shoals:3 | Lost mutation: You have a pair of small antennae on your head. [potion of mutation]
 41559 | Shoals:3 | Lost mutation: Your flesh is cold resistant. (rC+) [potion of mutation]
 41559 | Shoals:3 | Lost mutation: You are partially covered in yellow scales. (AC +2) [potion of mutation]
 41559 | Shoals:3 | Gained mutation: You are agile. (Dex +2) [potion of mutation]
 41559 | Shoals:3 | Gained mutation: You possess an exceptional clarity of mind. [potion of mutation]
 41559 | Shoals:3 | Gained mutation: Your magical capacity is low. (-10% MP) [potion of mutation]
 41559 | Shoals:3 | Gained mutation: You have a pair of small horns on your head. [potion of mutation]
 41853 | D:11     | Lost mutation: You possess an exceptional clarity of mind. [potion of mutation]
 41853 | D:11     | Lost mutation: Your magical capacity is low. (-10% MP) [potion of mutation]
 41853 | D:11     | Lost mutation: You have a pair of small horns on your head. [potion of mutation]
 41853 | D:11     | Lost mutation: You are agile. (Dex +2) [potion of mutation]
 41853 | D:11     | Gained mutation: You have a pair of small horns on your head. [potion of mutation]
 41853 | D:11     | Gained mutation: You have extremely sharp teeth. [potion of mutation]
 41877 | Orc:2    | Bought a potion of mutation for 104 gold pieces
 41877 | Orc:2    | Lost mutation: You have a pair of small horns on your head. [potion of mutation]
 41877 | Orc:2    | Lost mutation: You have extremely sharp teeth. [potion of mutation]
 41877 | Orc:2    | Gained mutation: You are clumsy. (Dex -2) [potion of mutation]
 41877 | Orc:2    | Lost mutation: You are clumsy. (Dex -2) [potion of mutation]
 41877 | Orc:2    | Gained mutation: You are weak. (Str -2) [potion of mutation]
 41877 | Orc:2    | Gained mutation: You evolve. [potion of mutation]
 42066 | Lair:1   | Gained mutation: You possess an exceptional clarity of mind. [evolution]
 42256 | Shoals:3 | Bought a +0 pair of boots for 63 gold pieces
 42448 | Shoals:3 | Found Nurrukko's Distillery.
 42521 | Shoals:3 | Found Uzebas's Jewellery Boutique.
 42679 | Shoals:3 | Found Pepoke's Assorted Antiques.
 42711 | Shoals:3 | Bought a scroll of remove curse for 108 gold pieces
 42711 | Shoals:3 | Bought a scroll labeled NEWIQA GEFIJYDGH for 36 gold pieces
 42733 | Shoals:3 | Upgraded the game from 0.20-a0-1015-g2ec8a95 to 0.20-a0-1018-ge435b50
 43119 | Shoals:4 | Entered Level 4 of the Shoals
 43139 | Shoals:4 | Noticed Ilsuiw
 43805 | Shoals:4 | Noticed Jorgrun
 44072 | Shoals:3 | Killed Jorgrun
 44902 | Shoals:4 | Reached XP level 18. HP: 75/134 MP: 4/32
 45910 | Shoals:4 | Killed Ilsuiw
 46049 | Shoals:4 | Got a barnacled rune of Zot
 46474 | Shoals:3 | Learned a level 2 spell: Swiftness
 46685 | Snake:4  | Entered Level 4 of the Snake Pit
 46849 | Snake:3  | Gained mutation: You rapidly evolve. [evolution]
 47104 | Snake:4  | Identified the ring "Rickel" {Ice Slay+4} (You took it off a naga on level 4 of the Snake Pit)
 47153 | Snake:4  | Noticed Mara
 48186 | Snake:4  | Reached skill level 10 in Charms
 48277 | Snake:4  | Reached skill level 10 in Dodging
 48530 | Snake:4  | Reached skill level 10 in Stealth
 49183 | Snake:4  | Got a serpentine rune of Zot
 50059 | D:12     | Identified the +7 plate armour of Free Will {rC+ rN+}
 50085 | D:12     | Reached XP level 19. HP: 126/140 MP: 33/33
 50590 | D:12     | Upgraded the game from 0.20-a0-1018-ge435b50 to 0.20-a0-1020-g7b9e4fe
 50646 | D:13     | Noticed Snorg
 50677 | D:13     | Killed Snorg
 50961 | D:13     | Found a gate to the Vaults.
 51167 | D:13     | Identified the +6 chain mail of Chimes {MR- Str+10 Dex-4 Stlth+}
 51194 | D:13     | Reached skill level 10 in Polearms
 51372 | D:13     | Lost mutation: You are weak. (Str -2) [evolution]
 51757 | Vaults:1 | Entered Level 1 of the Vaults
 52103 | Vaults:1 | Reached skill level 11 in Necromancy
 52146 | Vaults:1 | HP: 4/141 [yaktaur/bolt (12)]
 52153 | Vaults:1 | Shot with a bolt by an orc knight

Vault maps used:
D:1:      doesnt_arrival_goblin_jail
D:2:      lemuel_coloured_pillars_altar, okawaru_metal_pillars_1_2
D:3:      vehumet_crystals, uniq_purgy
D:4:      minmay_temple_entry_glass, serial_shops, nicolae_shop_window_shopping,
          uniq_crazy_yiuf_cottage
D:5:      lemuel_castle_with_subvaults, fedhas_altar_fruit_tree, first_bread
D:6:      old_standard_altar, uniq_eustachio, uniq_edmund, uniq_prince_ribbit1
D:7:      basic_altar, corexii_leaking_fountain, uniq_pikel
D:8:      lair_entry_dummy, serial_glass, glass_columns_a, glass_columns_b,
          serial_shops, nicolae_shop_crystal
D:9:      minmay_bloctagon_deflated, kennysheep_little_box, marbit_many_paths,
          enter_bailey_3
D:11:     zombieorc2_lemuel, blue_anna_alchemist, serial_bayou_lake_a
D:12:     item_on_display_a
D:13:     erik_vaults_1, uniq_snorg
Temple:   nicolae_temple_elliptical
Lair:1:   grunt_megastairs_3, lemuel_fruit_tree, serial_bayou_shore_b,
          uniq_nergalle
Lair:2:   elwin_shoals_entry_stream, infiniplex_staircase_pool
Lair:3:   minmay_snake_entry_six_corridors, beast_lair_carwin_1
Lair:4:   lemuel_centaur_altar, uniq_rupert, uniq_josephine
Lair:5:   slime_dummy, minmay_lair_oklob_chamber, grunt_megastairs_4,
          serial_bayou_shore_b
Lair:6:   hangedman_lair_in_review
Shoals:2: cheibrodos_shoals_gigantism, serial_shops, shop
Shoals:3: serial_shops, shop, shop, nicolae_shop_crystal, shop, ldierk_geyser
Shoals:4: shoals_end_grunt_garden, shoals_ilsuiw_ice, uniq_jorgrun
Snake:1:  lightli_airlock, minmay_shoptagon, serial_bayou_shore_b
Snake:2:  serial_shops, bzr_entry_dummy
Snake:3:  serial_shops, shop, uniq_bai_suzhen
Snake:4:  minmay_snake_end_coiled, serial_bayou_shore_b, uniq_mara
Orc:2:    pf_orc_diabolical, basic_altar, serial_shops, shop,
          hangedman_feature_mirror
Vaults:1: vaults_standard_mumra_x, ontoclasm_vaults_ring_square, v_misc_28,
          v_misc_27, v_rooms_1, hangedman_vaults_river_flow,
          dpeg_vaults_monster_row, ontoclasm_vaults_ligature,
          nicolae_vaults_little_ls, hangedman_vaults_corner_blocks,
          vaults_mumra_lcd, dpeg_vaults_pockets_of_resistance,
          nicolae_vaults_ring_of_whatevers, v_misc_14
Bazaar:   bazaar_jpeg_honeycomb
Bailey:   bailey_polearm_4, bailey

Skill      XL: |  1  2  3  4  5  6  7  8  9 10 11 12 13 14 15 16 17 18 19 |
---------------+----------------------------------------------------------+-----
Conjurations   | 6 7 8 9 |  9.3
Translocations | 4 6 7 8 |  8.5
Stealth        | 3 4 6 8 9 10 | 10.1
Dodging        | 4 5 7 8 9 10 | 10.3
Spellcasting   | 5 6 8 9 10 | 10.0
Hexes          | 1 3 7 8 |  8.7
Shields        | 3 7 8 9 10 | 10.4
Fighting       | 2 4 8 9 10 | 10.3
Evocations     | 3 4 5 6 9 10 | 10.1
Summonings     | 1 7 8 9 |  9.1
Maces & Flails | 7 8 |  8.1
Charms         | 5 8 9 10 | 10.0
Transmutations | 3 9 |  9.4
Long Blades    | 8 9 8 |  8.7
Armour         | 7 9 |  9.0
Air Magic      | 7 8 9 |  9.8
Necromancy     | 9 10 11 | 11.0
Polearms       | 9 10 | 10.0

Action                   |  1- 3 |  4- 6 |  7- 9 | 10-12 | 13-15 | 16-18 | 19-21 || total
-------------------------+-------+-------+-------+-------+-------+-------+-------++-------
Melee: Unarmed           |    36 |    11 |       |       |       |       |       ||    47
       Bite              |     4 |     2 |    40 |    56 |   179 |   193 |    38 ||   512
       Staff             |       |    18 |       |       |       |       |       ||    18
       Club              |       |     8 |   401 |   510 |       |       |       ||   919
       Falchion          |       |       |       |    98 |  1392 |   953 |       ||  2443
       Spear             |       |       |       |       |       |  1650 |   419 ||  2069
       Headbutt          |       |       |       |       |       |     1 |       ||     1
 Cast: Magic Dart        |    76 |    99 |   443 |   250 |   182 |     8 |       ||  1058
       Dazzling Spray    |       |     3 |    22 |    96 |   118 |    44 |       ||   283
       Force Lance       |       |       |    20 |    61 |   105 |    75 |     1 ||   262
       Iskenderun's Myst |       |       |     2 |    54 |    69 |    42 |       ||   167
       Call Canine Famil |       |       |       |    18 |    49 |    66 |       ||   133
       Shroud of Golubri |       |       |       |     2 |    16 |    31 |     2 ||    51
       Summon Butterflie |       |       |       |     1 |       |       |       ||     1
       Sticks to Snakes  |       |       |       |       |    31 |    60 |    10 ||   101
       Animate Skeleton  |       |       |       |       |       |   187 |    32 ||   219
       Regeneration      |       |       |       |       |       |    28 |       ||    28
       Vampiric Draining |       |       |       |       |       |   115 |     8 ||   123
       Deflect Missiles  |       |       |       |       |       |    11 |     4 ||    15
       Airstrike         |       |       |       |       |       |   125 |    31 ||   156
       Swiftness         |       |       |       |       |       |       |     1 ||     1
Invok: Curse Item        |       |     2 |     2 |     3 |     1 |     2 |       ||    10
       Transfer Knowledg |       |       |       |       |       |     1 |       ||     1
 Abil: Evoke Invisibilit |       |       |       |     3 |     1 |     5 |       ||     9
       Evoke Flight      |       |       |       |       |       |    40 |       ||    40
       Stop Flying       |       |       |       |       |       |     1 |       ||     1
Evoke: Wand              |       |       |    22 |    45 |    42 |    54 |     1 ||   164
       Lamp of fire      |       |       |       |       |     4 |     6 |     2 ||    12
       Sack of spiders   |       |       |       |       |     3 |     1 |       ||     4
       Phial of floods   |       |       |       |       |     2 |     5 |     1 ||     8
  Use: Potion            |     1 |     6 |     1 |     5 |     4 |    11 |     1 ||    29
       Scroll            |     1 |     2 |     8 |    11 |     4 |    21 |     7 ||    54
 Stab: Invisible         |       |     2 |     4 |    26 |    33 |    35 |       ||   100
       Sleeping          |       |       |     1 |     4 |    18 |    18 |     9 ||    50
       Confused          |       |       |     4 |     1 |     3 |       |       ||     8
       Paralysed         |       |       |    15 |       |       |       |       ||    15
       Distracted        |       |       |       |     4 |     9 |    40 |     3 ||    56
  Eat: Chunk             |     3 |     6 |    31 |    32 |    40 |    68 |    10 ||   190
       Meat ration       |       |       |       |       |     2 |     1 |       ||     3
       Royal jelly       |       |       |       |       |     5 |     4 |       ||     9
       Fruit             |       |       |       |       |       |     3 |       ||     3
       Bread ration      |       |       |       |       |       |     1 |       ||     1
Armor: Robe              |    11 |     5 |    73 |    55 |    59 |    68 |    26 ||   297
       Skin              |       |    27 |    22 |       |       |     4 |       ||    53
       Ring mail         |       |       |       |       |    65 |    86 |       ||   151
Dodge: Dodged            |    40 |    44 |   495 |   632 |  1152 |  1512 |   211 ||  4086
       Deflected         |       |       |       |     1 |    29 |   131 |     9 ||   170
Block: Buckler           |       |       |   159 |   224 |   379 |   529 |    71 ||  1362
       Rpst.: Falchion   |       |       |       |    26 |   304 |   154 |       ||   484
